 Dungeon Crawl Stone Soup version 0.30.0-10-gfe55d96785 (webtiles) character file.

Game seed: 7412003822392102106

19712 Persephone the Bringer of Law (level 12, -3/88 (90) HPs)
             Began as a Hill Orc Fighter on May 13, 2023.
             Was the Champion of Zin.
             Slain by a pharaoh ant (29 damage)
             ... on level 3 of the Lair of Beasts.
             The game lasted 00:23:00 (13542 turns).

Persephone the Bringer of Law (Hill Orc Fighter)   Turns: 13542, Time: 00:23:01

HP:   -3/88 (90)    AC: 24    Str: 26    XL:     12   Next: 71%
MP:   26/26         EV: 13    Int:  7    God:    Zin [******]
Gold: 163           SH:  0    Dex: 16    Spells: 11/11 levels left

rFire   . . .        y - +0 battleaxe (venom)
rCold   . . .        (shield currently unavailable)
rNeg    + + .        u - +9 chain mail of Panentheism {rN+ Will+ Str+4 Int-3}
rPois   .            I - +0 helmet
rElec   .            q - +2 cloak
rCorr   .            L - +0 pair of gloves
SInv    .            M - +0 pair of boots
Will    ++++.        N - amulet of Lady Luck {rN+ Will+++ Regen+} Stlth
                     m - +6 ring of dexterity
HPRegen 1.14/turn    A - +5 ring of evasion
MPRegen 0.20/turn

%: no passive effects
@: lightly drained
A: no striking features
a: Renounce Religion, Recite, Vitalisation, Imprison, Sanctuary, Donate Gold


You were on level 3 of the Lair of Beasts.
You worshipped Zin.
Zin was exalted by your worship.
You visited 3 branches of the dungeon, and saw 15 of its levels.

You collected 950 gold pieces.
You spent 692 gold pieces at shops.
You donated 95 gold pieces to Zin.

Inventory:

Hand Weapons
 a - a +1 war axe
 y - a +0 battleaxe of venom (weapon)
Missiles
 r - 3 boomerangs (quivered)
Armour
 b - a +0 pair of boots
 q - a +2 cloak (worn)
 s - a +0 kite shield
 u - the +9 chain mail of Panentheism (worn) {rN+ Will+ Str+4 Int-3}
   (You found it on level 4 of the Dungeon)

   Str:       It affects your strength (+4).
   Int:       It affects your intelligence (-3).
   rN:        It protects you from negative energy.
   Will:      It increases your willpower.
 I - a +0 helmet (worn)
 L - a +0 pair of gloves (worn)
 M - a +0 pair of boots (worn)
Jewellery
 i - a ring of wizardry
 m - a +6 ring of dexterity (left hand)
 z - an amulet of reflection
 A - a +5 ring of evasion (right hand)
 N - the amulet of Lady Luck (around neck) {rN+ Will+++ Regen+}
   (You bought it in a shop on level 3 of the Dungeon)

   [amulet of regeneration]

   rN:        It protects you from negative energy.
   Regen:     It increases your rate of health regeneration.
   Will:      It greatly increases your willpower.
 O - a +6 ring of strength
Wands
 w - a wand of roots (3)
 D - a wand of quicksilver (5)
 E - a wand of mindburst (13)
 H - a wand of flame (56)
 K - a wand of paralysis (9)
Scrolls
 g - 3 scrolls of silence
 k - 4 scrolls of teleportation
 o - 5 scrolls of amnesia
 x - 4 scrolls of noise
 C - 10 scrolls of identify
 J - a scroll of enchant weapon
Potions
 c - 2 potions of heal wounds
 d - 3 potions of might
 e - 5 potions of brilliance
 f - 2 potions of lignification
 h - 4 potions of degeneration
 j - 2 potions of invisibility
 l - 6 potions of curing
 n - a potion of resistance
 p - 2 potions of mutation
 t - a potion of berserk rage
 v - 3 potions of attraction
 B - 4 potions of haste
 F - 3 potions of magic {unknown}
 G - 3 potions of flight
 P - a potion of cancellation {unknown}


   Skills:
 - Level 3.6 Fighting
 - Level 16.0 Axes
 - Level 3.2 Armour
 - Level 3.2 Shields
 + Level 20.7 Invocations


You had 11 spell levels left.
You didn't know any spells.
Your spell library contained the following spells:

 Spells                   Type           Power      Damage    Failure   Level
 Foxfire                  Conj/Fire      0%         2x1d4     93%         1
 Shock                    Conj/Air       0%         1d3       93%         1
 Ensorcelled Hibernation  Hex/Ice        0%         N/A       98%         2
 Passwall                 Tmut/Erth      0%         N/A       98%         2
 Swiftness                Air            0%         N/A       100%        3
 Airstrike                Air            0%         2d(0-16)  100%        4
 Fireball                 Conj/Fire      0%         3d3       100%        5
 Plasma Beam              Fire/Air       0%         2x1d11    100%        6
 Starburst                Conj/Fire      0%         6d3       100%        6


Dungeon Overview and Level Annotations

Branches:
Dungeon (11/15)            Temple (1/1) D:4            Lair (3/5) D:9
 Spider (0/4) Lair:3          Orc (0/2) D:10
  Swamp: Lair:2-3    Shoals: Lair:2-3

Altars:
Ashenzari
Cheibriados
Dithmenos
Elyvilon
Fedhas
Gozag
Hepliaklqana
Kikubaaqudgha
Makhleb
Nemelex Xobeh
Okawaru
Qazlal
Ru
Sif Muna
Trog
Uskayaw
Vehumet
Wu Jian
Xom
Yredelemnul
Zin
The Shining One

Shops:
D:1 =   D:3 =   D:6 [

Annotations:
D:5 2 transporters, Nidhogg036's ghost, novice MiFi


Message History

Unknown command.
You slash the pharaoh ant!
The pharaoh ant is heavily damaged.
You miss the tarantella.
The tarantella touches you but does no damage.
The pharaoh ant barely misses you. The tarantella barely misses you.
You closely miss the tarantella.
The tarantella is severely wounded.
You barely miss the pharaoh ant. The pharaoh ant barely misses you.
The tarantella touches you but does no damage.
You feel less confused. The pharaoh ant misses you.
The tarantella barely misses you.
You completely miss the tarantella.
The tarantella is severely wounded.
You completely miss the pharaoh ant.
The pharaoh ant bites you but does no damage.
The tarantella touches you but does no damage.
You barely miss the tarantella.
The tarantella is almost dead.
You barely miss the pharaoh ant.
You kill the tarantella!
The pharaoh ant bites you but does no damage.
You hit the pharaoh ant.
The pharaoh ant is heavily damaged.
The pharaoh ant bites you. You partially resist.
You feel drained. The pharaoh ant barely misses you.
You barely miss the pharaoh ant.
The pharaoh ant is moderately damaged.
The pharaoh ant bites you!!
* * * LOW HITPOINT WARNING * * *
You slash the pharaoh ant!
The pharaoh ant is severely damaged.
The pharaoh ant closely misses you.
You closely miss the pharaoh ant.
The pharaoh ant is severely damaged.
The pharaoh ant barely misses you.
You hit the pharaoh ant but do no damage.
The pharaoh ant is heavily damaged.
The pharaoh ant closely misses you. The pharaoh ant bites you!!
You die...

....... ........
....... ...>..##
.....F.
.....#.......# .
..............
......#..
...............$..
........##..#.....
.........#........
........#B†......
.........@.......
#.##.....###..#..
#...#.....#......
#............##..
......#.......##...
....................
................##...
................# .
...#....#....#.##


You could see a pharaoh ant.

Vanquished Creatures
  Erica (Lair:1)
  A centaur warrior (D:9)
  A two-headed ogre (D:10)
  3 cyclopes (D:11)
  An ugly thing (D:11)
  3 elephants (Lair:3)
  2 black mambas (Lair:2)
  Joseph (D:9)
  A gargoyle (D:10)
  8 cane toads
  2 komodo dragons
  A freezing wraith (D:9)
  2 hornets (D:11)
  A tarantella (Lair:3)
  5 blink frogs (Lair:3)
  A vampire (D:11)
  3 wyverns
  2 basilisks
  11 yaks
  2 steam dragons
  3 vampire mosquitoes (D:10)
  An acid dragon (D:10)
  15 water moccasins
  9 orc warriors
  2 sky beasts
  A black bear (D:6)
  4 ice beasts
  3 ogres
  3 centaurs
  A kobold brigand (D:8)
  10 bullfrogs
  2 scorpions
  2 gnoll sergeants
  9 wights
  7 killer bees
  4 howler monkeys
  An electric eel (Lair:1)
  A crimson imp (D:6)
  A jelly (D:7)
  5 orc priests
  A gnoll bouda (D:7)
  3 hounds
  A sleepcap (D:4)
  An iguana (D:6)
  9 orc wizards
  15 gnolls
  5 adders
  2 shadow imps
  2 white imps
  A worm (D:9)
  5 dart slugs
  47 orcs
  3 ball pythons
  3 bats
  3 endoplasms
  2 giant cockroaches
  9 goblins
  4 hobgoblins
  3 jackals (D:2)
  5 quokkas
  6 frilled lizards
  12 kobolds
  4 rats
282 creatures vanquished.

Vanquished Creatures (others)
  A troll (D:9)
1 creature vanquished.

Grand Total: 283 creatures vanquished

Notes
Turn   | Place    | Note
-------+----------+-------------------------------------------
     0 | D:1      | Persephone the Hill Orc Fighter began the quest for the
                  | Orb.
     0 | D:1      | Reached XP level 1. HP: 19/19 MP: 1/1
   240 | D:1      | Reached XP level 2. HP: 25/26 MP: 2/2
   339 | D:1      | Found Dytimp's Jewellery Shoppe.
   584 | D:2      | Found a faded altar of an unknown god.
   630 | D:2      | Prayed at the altar of an unknown god.
   630 | D:2      | Became a worshipper of Zin the Law-Giver
   630 | D:2      | Reached * piety under Zin
   774 | D:2      | Reached skill level 1 in Invocations
   774 | D:2      | Reached XP level 3. HP: 31/31 MP: 3/3
  1002 | D:2      | Found a white marble altar of Elyvilon.
  1013 | D:2      | You fall into a shaft and drop 1 floor!
  1084 | D:3      | Found a broken altar of Ashenzari.
  1096 | D:3      | Reached skill level 5 in Axes
  1149 | D:3      | Reached skill level 2 in Invocations
  1155 | D:3      | Reached XP level 4. HP: 37/39 MP: 5/5
  1168 | D:3      | Reached ** piety under Zin
  1407 | D:3      | Found Hubial's Jewellery Emporium.
  1426 | D:3      | Reached skill level 3 in Invocations
  1922 | D:4      | Found a staircase to the Ecumenical Temple.
  1930 | D:4      | Reached XP level 5. HP: 45/45 MP: 7/7
  2254 | Temple   | Entered the Ecumenical Temple
  2505 | D:4      | Identified the +9 chain mail of Panentheism {rN+ Will+
                  | Str+4 Int-3}
  2532 | D:4      | Reached skill level 4 in Invocations
  2737 | D:4      | Reached XP level 6. HP: 51/51 MP: 9/9
  3054 | D:4      | Found a shimmering blue altar of Sif Muna.
  3186 | D:5      | Entered Level 5 of the Dungeon
  3323 | D:5      | Reached skill level 5 in Invocations
  3406 | D:5      | Found a glowing golden altar of the Shining One.
  3621 | D:5      | Reached *** piety under Zin
  3643 | D:5      | Found a transporter.
  3649 | D:5      | Found a transporter.
  3751 | D:5      | Reached XP level 7. HP: 57/57 MP: 11/11
  3769 | D:5      | Identified the +4 spear "Kadinwoe" {venom, Fragile rF+
                  | Str+5 Dex+2 SInv}
  3778 | D:5      | Identified the amulet "Vyci" {Acrobat Will+ Str+4}
  3780 | D:5      | Noticed Nidhogg036's ghost (novice MiFi)
  3843 | D:5      | Reached skill level 6 in Invocations
  4290 | D:6      | Found Jeacakhe's Antique Armour Emporium.
  4353 | D:6      | Reached skill level 7 in Invocations
  4643 | D:6      | Reached XP level 8. HP: 55/64 MP: 13/13
  4769 | D:6      | Reached skill level 8 in Invocations
  5023 | D:6      | Reached skill level 10 in Axes
  5099 | D:6      | Reached skill level 9 in Invocations
  5276 | D:6      | Reached **** piety under Zin
  5499 | D:7      | Found a bloodstained altar of Trog.
  5841 | D:7      | Reached skill level 10 in Invocations
  5841 | D:7      | Reached XP level 9. HP: 70/70 MP: 16/16
  6307 | D:8      | Reached skill level 11 in Invocations
  6785 | D:8      | Identified the +0 scale mail "Ipnic Izeha" {Drain Dex+4}
  6908 | D:8      | Found a radiant altar of Vehumet.
  7076 | D:9      | Noticed Joseph
  7106 | D:9      | Killed Joseph
  7107 | D:9      | Reached skill level 12 in Invocations
  7107 | D:9      | Reached XP level 10. HP: 56/77 MP: 17/19
  7170 | D:9      | Found a staircase to the Lair.
  7272 | D:9      | Noticed a centaur warrior
  7290 | D:9      | Killed a centaur warrior
  7291 | D:9      | Reached skill level 13 in Invocations
  7412 | D:9      | Reached ***** piety under Zin
  7430 | D:9      | Found a stormy altar of Qazlal.
  7659 | D:9      | Found a snail-covered altar of Cheibriados.
  7987 | D:9      | Found a shimmering altar of Xom.
  7987 | D:9      | Found a hide-covered altar of Uskayaw.
  8243 | D:9      | Found a sacrificial altar of Ru.
  8278 | D:10     | Entered Level 10 of the Dungeon
  8297 | D:10     | Reached skill level 14 in Invocations
  8431 | D:10     | Found a blossoming altar of Fedhas.
  8469 | D:10     | Reached skill level 15 in Axes
  8541 | D:10     | Noticed a gargoyle
  8548 | D:10     | Killed a gargoyle
  8549 | D:10     | Reached XP level 11. HP: 67/82 MP: 21/21
  8680 | D:10     | Noticed a two-headed ogre
  8687 | D:10     | Killed a two-headed ogre
  8715 | D:10     | Reached skill level 15 in Invocations
  8889 | D:10     | Found a staircase to the Orcish Mines.
  9710 | D:11     | Noticed a cyclops
  9719 | D:11     | Killed a cyclops
  9768 | D:11     | Noticed a cyclops
  9794 | D:11     | Killed a cyclops
 10041 | D:11     | Noticed a cyclops
 10048 | D:11     | Killed a cyclops
 10160 | D:11     | Noticed a white ugly thing
 10164 | D:11     | Killed a white ugly thing
 10165 | D:11     | Reached skill level 16 in Invocations
 10448 | Lair:1   | Entered Level 1 of the Lair of Beasts
 10795 | Lair:1   | Noticed Erica
 10813 | Lair:1   | Killed Erica
 10814 | Lair:1   | Reached skill level 17 in Invocations
 10821 | Lair:1   | Identified the scarf of the Stone Wall {+Inv, Harm}
 11873 | Lair:2   | Reached skill level 18 in Invocations
 11873 | Lair:2   | Reached XP level 12. HP: 81/90 MP: 23/25
 12193 | Lair:2   | Reached skill level 19 in Invocations
 12562 | D:3      | Bought the amulet of Lady Luck {rN+ Will+++ Regen+} for 692
                  | gold pieces
 13055 | Lair:3   | Reached skill level 20 in Invocations
 13319 | Lair:3   | Reached ****** piety under Zin
 13526 | Lair:3   | Found a hole to the Spider Nest.
 13542 | Lair:3   | Slain by a pharaoh ant

Illustrated notes

Levels and vault maps discovered:
D:1:      minmay_arrival_radiant_lines, layout_rooms, serial_shops,
          nicolae_lakefront_shop, minmay_pentomino_r4
D:2:      layout_basic, basic_altar, shapermc_ecumenical_altar_pompeii
D:3:      layout_basic, mainiacjoe_overflow_cross_hatched, serial_shops, shop
D:4:      layout_loops_cross, kennysheep_orc_sif_temple,
          minmay_temple_entry_stoned_glass
D:5:      layout_loops_corners, tso_altar, gammafunk_ghost_gnarly_gnolls
D:6:      layout_rooms, serial_shops, kennysheep_mini, minmay_misc_feat_doors,
          minmay_fire_ice_demons
D:7:      layout_loops_cross, nicolae_overflow_hidden_temple,
          chequers_serial_rivers_micro_b
D:8:      nicolae_cairo_tiling_very_big, layout_cave_pools,
          lemuel_coloured_pillars_altar
D:9:      layout_basic, gammafunk_temple_overflow_pools,
          cheibrodos_worm_habitat, mainiacjoe_overflow_alcove_4,
          nicolae_qazlal_general_emergency, lair_entry_dummy, serial_aquarium,
          aquarium_bridge_long_joined [aquarium_subvault_wall,
          aquarium_subvault_wall, aquarium_subvault_wall,
          aquarium_subvault_balcony, aquarium_subvault_bridge,
          aquarium_subvault_balcony], aquarium_window_1, aquarium_window_fake,
          aquarium_window_corridor_2, aquarium_window_1, aquarium_view_2b,
          minmay_checkerbox, uniq_joseph
D:10:     layout_cave_pools, mainiacjoe_overflow_small_starburst, orc_0_dummy,
          minmay_fractal_squares_gapless_5
D:11:     layout_stronghold
Temple:   grunt_temple_mini_profane
Lair:1:   statuecave_lemuel, layout_cellular_growth,
          nicolae_quartered_pool_super, chequers_serial_rivers_small_b,
          chequers_serial_rivers_small_b, uniq_erica
Lair:2:   layout_roguey
Lair:3:   layout_gridlike, swamp_mist, nicolae_spider_entry_lesser_pyramids,
          grunt_megastairs_2

Skill      XL: |  1  2  3  4  5  6  7  8  9 10 11 12 |
---------------+-------------------------------------+-----
Axes           | 3 4 5 6 7 9 11 13 15 16 | 16.0
Invocations    | 1 2 3 4 5 7 10 12 14 18 20 | 20.7
Fighting       | |  3.6
Armour         | |  3.2
Shields        | |  3.2

Action                     |  1- 3 |  4- 6 |  7- 9 | 10-12 || total
---------------------------+-------+-------+-------+-------++-------
  Melee: War axe           |    86 |   167 |   163 |       ||   416
         Battleaxe         |       |       |   105 |   517 ||   622
  Throw: Boomerang         |       |     4 |       |       ||     4
 Invoke: Recite            |       |     2 |     7 |     5 ||    14
         Vitalisation      |       |       |     2 |       ||     2
    Use: Scroll            |     5 |     6 |    10 |     7 ||    28
         Potion            |       |       |       |     3 ||     3
   Stab: Confused          |       |       |     4 |     5 ||     9
         Paralysed         |       |       |     3 |       ||     3
 Armour: Scale mail        |    39 |    16 |       |       ||    55
         Chain mail        |       |    67 |   156 |   272 ||   495
  Dodge: Dodged            |    29 |    65 |    97 |   332 ||   523
  Block: Buckler           |    18 |    31 |     3 |       ||    52
         Kite shield       |       |       |    65 |       ||    65
         Other             |       |       |    34 |   104 ||   138
         Reflection        |       |       |     2 |     2 ||     4
